 Dungeon Crawl Stone Soup version 0.29.1-13-g9f3cf754e1 (webtiles) character file.

Game seed: 7747305314169884880

50 McKennaii the Trooper (level 3, -1/31 HPs)
             Began as a Demigod Fighter on Feb 5, 2023.
             Succumbed to an adder's poison
             ... on level 2 of the Dungeon.
             The game lasted 00:01:01 (1355 turns).

McKennaii the Trooper (Demigod Fighter)             Turns: 1355, Time: 00:01:02

Health: -1/31      AC:  6    Str: 19 (21) XL:     3   Next: 35%
Magic:  5/5        EV:  9    Int:  8 (10) God:
Gold:   53         SH:  4    Dex: 12 (13) Spells: 2/2 levels left

rFire   . . .      SeeInvis .   a - +0 long sword
rCold   . . .      Faith    .   c - +0 buckler
rNeg    . . .      Spirit   .   b - +0 scale mail
rPois   .          Reflect  .   (no helmet)
rElec   .          Harm     .   (no cloak)
rCorr   .          Rampage  .   (no gloves)
Will    .....                   (no boots)
Stlth   ..........              (no amulet)
HPRegen 0.10/turn               (no ring)
MPRegen 0.09/turn               (no ring)

@: lethally poisoned (-1 -> -4)
A: high MP 1, forlorn, divine attributes
a: no special abilities


You were on level 2 of the Dungeon.
You visited 1 branch of the dungeon, and saw 2 of its levels.

You collected 53 gold pieces.

Inventory:

Hand Weapons
 a - a +0 long sword (weapon)
Armour
 b - a +0 scale mail (worn)
 c - a +0 buckler (worn)
Jewellery
 h - a ring of ice
 j - a +6 ring of strength
Scrolls
 e - a scroll of teleportation {unknown}
 f - 2 scrolls of identify {unknown}
 g - 2 scrolls of vulnerability {unknown}
 i - 2 scrolls of fear {unknown}
 k - a scroll of summoning {unknown}
Potions
 d - 2 potions of might


   Skills:
 + Level 3.2 Fighting
 + Level 2.4 Long Blades
 + Level 3.2 Armour
 - Level 2.8 Shields


You had 2 spell levels left.
You didn't know any spells.
Your spell library was empty.

Dungeon Overview and Level Annotations

Branches:
Dungeon (2/15)


Innate Abilities, Weirdness & Mutations

You have an increased reservoir of magic. (+10% MP)
You shall have no god before yourself.
Your divine heritage dramatically boosts your attributes as you level up.


Message History

The adder is severely wounded.
The adder barely misses you. You block the adder's attack.
You miss the adder.
The adder is severely wounded.
The adder bites you.
You are poisoned.
The adder poisons you!
You closely miss the adder.
The adder is severely wounded.
You feel sick. The adder bites you but does no damage. The adder bites you.
You hit the adder but do no damage.
The adder is severely wounded.
You feel sick. The adder bites you.
You are more poisoned.
The adder poisons you! The adder bites you.
You are lethally poisoned!
The adder poisons you!
It was a potion of degeneration.
There was something very wrong with that liquid.
You feel weakened.
You feel dopey.
You feel clumsy.
* * * LOW HITPOINT WARNING * * *
You feel sick. The adder bites you but does no damage.
You barely miss the adder.
The adder is severely wounded.
* * * LOW HITPOINT WARNING * * *
You feel very sick. The adder bites you but does no damage.
You block the adder's attack.
You miss the adder.
The adder is severely wounded.
* * * LOW HITPOINT WARNING * * *
You feel sick. The adder bites you.
* * * LOW HITPOINT WARNING * * *
You hit the adder.
The adder is almost dead.
* * * LOW HITPOINT WARNING * * *
You feel sick. The adder closely misses you.
The adder bites you but does no damage.
You miss the adder.
The adder is almost dead.
You die...

#........ #.#
###........# #.#
..#........# #.#
..........# #.#
#........# #.#
#........####.#
#...........#.#
####.......###.#@#
...............#S#####
#####.###.###..gBl...#
# #.# #...+........# #
#.# #####........# #
#.# #........# # #.#
#.......[# # #.#
##........# # ...
#..########


You could see an adder, a giant cockroach, a hobgoblin and a frilled lizard.

Vanquished Creatures
  An adder (D:2)
  2 dart slugs (D:1)
  2 endoplasms (D:1)
  A giant cockroach (D:1)
  3 goblins (D:1)
  6 hobgoblins
  6 kobolds (D:1)
  A quokka (D:1)
  2 ball pythons (D:1)
  5 bats
  4 rats (D:1)
33 creatures vanquished.

Notes
Turn   | Place    | Note
-------+----------+-------------------------------------------
     0 | D:1      | McKennaii the Demigod Fighter began the quest for the Orb.
     0 | D:1      | Reached XP level 1. HP: 18/18 MP: 3/3
   166 | D:1      | Reached XP level 2. HP: 22/25 MP: 4/4
   967 | D:1      | Reached XP level 3. HP: 29/31 MP: 5/5
  1354 | D:2      | HP: 1/31 [poisoned by an adder]
  1355 | D:2      | Succumbed to an adder's poison

Illustrated notes

Levels and vault maps discovered:
D:1:      amcnicky_arrival_wind_blow, layout_basic
D:2:      layout_basic, hellmonk_ecumenical_altar_lost_god,
          kennysheep_generic_room_16

Skill      XL: |  1  2 |
---------------+-------+-----
Long Blades    | 2 |  2.4
Fighting       | 3 |  3.2
Armour         | 3 |  3.2
Shields        | |  2.8

Action                   || total
-------------------------++-------
Melee: Long sword        ||   100
  Use: Potion            ||     1
Armor: Scale mail        ||    51
Dodge: Dodged            ||    51
Block: Buckler           ||    27
